 Dungeon Crawl Stone Soup version 0.19.4-9-g45fd643 (webtiles) character file.

60774 Morrissey the Severer (level 14, 0/130 HPs)
             Began as a Minotaur Berserker on Feb 20, 2017.
             Was the Champion of Trog.
             Slain by a soul eater (5 damage)
             ... on level 1 of the Orcish Mines.
             The game lasted 00:33:37 (18303 turns).

Morrissey the Severer (Minotaur Berserker)         Turns: 18303, Time: 00:33:37

Health: 0/130      AC: 20    Str: 23    XL:     14   Next: 58%
Magic:  13/13      EV: 15    Int:  4    God:    Trog [******]
Gold:   1561       SH:  0    Dex: 14    Spells: 0 memorised, 13 levels left

rFire  . . .     SeeInvis +     a - +7 battleaxe (vamp)
rCold  . . .     Gourm    .     t - +2 chain mail {rPois}
rNeg   . . .     Faith    +     (shield currently unavailable)
rPois  +         Spirit   .     (helmet restricted)
rElec  .         Reflect  .     (no cloak)
rCorr  .         Harm     .     r - +0 pair of gloves
MR     +++..                    (no boots)
Stlth  ..........               y - amulet of faith
                                P - +4 ring of protection
                                q - ring of see invisible

@: regenerating, drained
A: retaliatory headbutt, horns 2
a: Berserk, Trog's Hand, Brothers in Arms, Burn Spellbooks, Renounce Religion


You were on level 1 of the Orcish Mines.
You worshipped Trog.
Trog was exalted by your worship.
You were not hungry.

You visited 3 branches of the dungeon, and saw 22 of its levels.

You collected 1681 gold pieces.
You spent 120 gold pieces at shops.

Inventory:

Hand Weapons
 a - a +7 vampiric battleaxe (weapon)
 b - a +4 hunting sling of flaming
 A - the +6 battleaxe of the Dungeon {chop, MR+ Stlth+}
   (Trog gifted it to you on level 4 of the Lair of Beasts)

   It inflicts extra damage upon your enemies.
   It affects your resistance to hostile enchantments.
   It makes you more stealthy.
 T - a +6 executioner's axe of draining
Missiles
 C - 2 silver javelins (quivered)
Armour
 r - a +0 pair of gloves (worn)
 t - a +2 chain mail of poison resistance (worn)
Jewellery
 m - an uncursed ring of magical power
 q - a ring of see invisible (left hand)
 y - an amulet of faith (around neck)
 D - a +3 ring of dexterity
 P - a +4 ring of protection (right hand)
Wands
 v - a wand of flame (36/48)
 x - a wand of confusion (33/48)
 E - a wand of hasting (4/9)
 F - a wand of polymorph (14/24)
 I - a wand of random effects (34/48)
 N - a wand of flame (22/48)
 R - a wand of acid (0/15)
 U - a wand of flame (19/48)
Scrolls
 g - a scroll of silence
 h - 9 scrolls of fog
 j - 4 scrolls of magic mapping
 k - 10 scrolls of remove curse
 w - a scroll of blinking
 B - a scroll of torment {unknown}
 G - 8 scrolls of teleportation {unknown}
 J - a scroll of noise {unknown}
 O - a scroll of acquirement {unknown}
 S - 3 scrolls of enchant weapon {unknown}
 V - 2 scrolls of recharging {unknown}
 X - a scroll of vulnerability {unknown}
 Z - 4 scrolls of enchant armour {unknown}
Potions
 d - a potion of might
 e - 10 potions of curing
 f - 5 potions of brilliance
 i - 2 potions of haste
 l - a potion of resistance
 o - 3 potions of flight
 s - a potion of ambrosia
 K - 3 potions of invisibility
 L - 2 potions of agility
 Q - 2 potions of cancellation {unknown}
 W - a potion of cure mutation {unknown}
Comestibles
 c - 10 bread rations
 n - 8 beef jerkies
 u - 6 meat rations
 z - 47 fruits
 M - a royal jelly


   Skills:
 + Level 13.8(13.0) Fighting
 * Level 18.5(17.6) Axes
 + Level 13.6(12.8) Armour
 + Level 13.0(12.2) Dodging


You had 13 spell levels left.
You didn't know any spells.

Dungeon Overview and Level Annotations

Branches:
Dungeon (14/15)            Temple (0/1) D:6            Lair (6/6) D:11
 Shoals (0/4) Lair:3       Spider (0/4) Lair:4        Slime (0/5) Lair:6
    Orc (2/2) D:11            Elf (0/3) Orc:2        Vaults (0/5) D:14

Altars:

Shops:
D:5 !   D:13 (   Orc:2 *%

Annotations:
D:13 exclusion: upstairs


Innate Abilities, Weirdness & Mutations

You reflexively headbutt those who attack you in melee.
You have a pair of horns on your head.


Message History

Unknown command.
Press: ? - help, v - describe, . - travel
Here: a soul eater (lightly wounded)
The floor.
The sun demon closely misses you. You furiously retaliate!
You headbutt the sun demon. The soul eater closely misses you.
You furiously retaliate!
You headbutt the soul eater, but do no damage.
You climb upwards.
There is a stone staircase leading down here.
Your skin crawls.
You feel resistant to hostile enchantments.
You feel quite a bit more hungry.
The sun demon hits you but does no damage.
The sun demon hits you!
* * * LOW HITPOINT WARNING * * *
You are engulfed in flames!
* * * LOW HITPOINT WARNING * * *
The soul eater hits you.
You die...

#...# ###..# ##.## ####
### # ### # #.## ####
### ###..## #..## ..#
##.#...## #...## ..##
##@3.....######..#.
...##
#3......###.......#
....#
###....#...##........
#...####
#.....##...#.........
#...>..##
###.....#..........#.).
##......#
#......####?#.....###[[
#......##
###....#.#..#......##..
......##
#.....##..#......##..
....###
##.....####.#........


You could see a soul eater and a sun demon.

Vanquished Creatures
  The ghost of Xiguana the Warrior, a journeyman DrCK of Xom (Lair:5)
  The ghost of galech the Grappler, a journeyman TrMo of Makhleb (Orc:2)
  Erolcha (D:12)
  A hydra (Lair:6)
  Harold (Orc:1)
  3 centaur warriors
  2 dancing weapons (D:14)
  3 death yaks (Lair:6)
  Urug (D:12)
  An unseen horror (D:12)
  2 hill giants
  The ghost of Feta the Zephyrmancer, a novice TeAE of Vehumet (D:6)
  2 orc knights (Orc:2)
  2 ugly things
  A lindwurm (Lair:5)
  4 cyclopes
  6 elephants (Lair:3)
  A manticore (D:13)
  3 black mambas
  A guardian serpent (D:11)
  17 spiny frogs
  2 gargoyles
  4 rime drakes
  5 komodo dragons
  A merfolk (Lair:3)
  3 trolls
  A harpy zombie (D:14)
  5 polar bears
  A hornet (Lair:4)
  A two-headed ogre (D:11)
  2 tyrant leeches (Lair:6)
  5 slime creatures (D:14)
  6 hippogriffs
  4 dream sheep (Lair:6)
  7 blink frogs
  2 vampires (D:11)
  A wyvern (Lair:3)
  40 yaks
  A hungry ghost (D:14)
  A basilisk (Lair:3)
  11 vampire mosquitoes
  3 wargs (Orc:2)
  2 soldier ants
  Edmund (D:4)
  6 water moccasins
  5 porcupines
  5 sky beasts
  6 black bears (Lair:3)
  3 ice beasts
  13 orc warriors
  2 hornet zombies
  A necrophage (D:9)
  12 ogres
  A phantom (D:4)
  5 wolves (Lair:6)
  20 centaurs
  15 crocodiles
  4 big kobolds
  31 bullfrogs
  A gnoll sergeant (D:8)
  A wyvern skeleton (D:12)
  3 scorpions
  14 killer bees
  3 wights (D:11)
  4 electric eels (Lair:6)
  3 howler monkeys
  2 bullfrog zombies
  9 crimson imps
  5 jellies
  29 orc wizards
  3 centaur skeletons
  5 bullfrog skeletons
  13 orc priests
  10 hounds
  4 iguanas
  10 worker ants
  A killer bee zombie (D:7)
  A worker ant zombie (D:9)
  14 gnolls
  A howler monkey skeleton (D:4)
  4 adders
  5 shadow imps
  An ooze (D:7)
  3 adder zombies
  2 adder skeletons (D:4)
  9 worms
  4 dart slugs
  2 leopard geckos
  96 orcs
  8 bats
  9 giant cockroaches
  6 hobgoblins
  32 kobolds
  6 quokkas
  A ball python (D:3)
  7 frilled lizards
  6 goblins
  A jackal skeleton (D:6)
  A leopard gecko skeleton (D:4)
  A quokka zombie (D:6)
  6 rats
  A butterfly (Lair:3)
  A fungus (Lair:5)
  4 plants
645 creatures vanquished.

Vanquished Creatures (collateral kills)
  6 hydras
  2 spiny frogs (Lair:6)
  2 tyrant leeches (Lair:6)
  A blink frog (Lair:2)
  2 dream sheep (Lair:6)
  A big kobold (D:10)
  A crocodile (Lair:6)
  2 bullfrogs (Lair:6)
  3 electric eels (Lair:6)
  A worker ant (D:12)
  4 orcs
25 creatures vanquished.

Vanquished Creatures (others)
  2 fungi
  14 plants (Lair:6)
16 creatures vanquished.

Grand Total: 686 creatures vanquished

Notes
Turn   | Place    | Note
-------+----------+-------------------------------------------
     0 | D:1      | Morrissey the Minotaur Berserker began the quest for the Orb.
     0 | D:1      | Reached XP level 1. HP: 19/19 MP: 0/0
   201 | D:1      | Reached XP level 2. HP: 24/27 MP: 1/1
   399 | D:1      | Reached skill level 4 in Axes
   767 | D:2      | Reached ** piety under Trog
   767 | D:2      | Reached XP level 3. HP: 26/33 MP: 2/2
  1071 | D:2      | Found a faded altar of an unknown god.
  1588 | D:3      | Reached XP level 4. HP: 40/40 MP: 3/3
  2020 | D:4      | Noticed Edmund
  2020 | D:4      | Reached skill level 5 in Axes
  2027 | D:4      | Killed Edmund
  2027 | D:4      | Reached XP level 5. HP: 40/47 MP: 4/4
  2069 | D:4      | Reached XP level 6. HP: 41/53 MP: 5/5
  2069 | D:4      | Reached skill level 6 in Axes
  2294 | D:4      | Reached *** piety under Trog
  2485 | D:4      | Reached skill level 5 in Fighting
  2485 | D:4      | Reached XP level 7. HP: 38/61 MP: 6/6
  2534 | D:4      | Reached skill level 7 in Axes
  2665 | D:5      | Entered Level 5 of the Dungeon
  2718 | D:5      | Reached skill level 5 in Armour
  2827 | D:5      | Found Eskuvu's Distillery.
  2830 | D:5      | Bought a potion of curing for 45 gold pieces
  2830 | D:5      | Bought a potion of heal wounds for 75 gold pieces
  2880 | D:5      | Reached skill level 8 in Axes
  2896 | D:5      | Reached skill level 5 in Dodging
  2896 | D:5      | Reached XP level 8. HP: 24/70 MP: 7/7
  3378 | D:6      | Found a staircase to the Ecumenical Temple.
  3461 | D:6      | Noticed Feta's ghost (novice TeAE)
  3475 | D:6      | Killed Feta's ghost
  3475 | D:6      | Reached skill level 9 in Axes
  3568 | D:6      | Reached XP level 9. HP: 61/79 MP: 8/8
  3582 | D:6      | Reached **** piety under Trog
  3717 | D:6      | Reached skill level 10 in Axes
  3903 | D:6      | Received a gift from Trog
  4895 | D:7      | Reached skill level 11 in Axes
  5243 | D:8      | Reached ***** piety under Trog
  5366 | D:8      | Reached XP level 10. HP: 88/88 MP: 9/9
  6494 | D:9      | Reached skill level 12 in Axes
  6906 | D:10     | Entered Level 10 of the Dungeon
  6998 | D:10     | Noticed a six-headed hydra
  7014 | D:10     | Killed a six-headed hydra
  7354 | D:10     | Noticed a hill giant
  7361 | D:10     | Killed a hill giant
  7680 | D:10     | Noticed a cyclops
  7690 | D:10     | Killed a cyclops
  7898 | D:11     | Noticed a gargoyle
  7900 | D:11     | Received a gift from Trog
  7911 | D:11     | Killed a gargoyle
  7998 | D:11     | Found a staircase to the Orcish Mines.
  8027 | D:11     | Reached skill level 13 in Axes
  8132 | D:11     | Reached XP level 11. HP: 69/97 MP: 10/10
  8276 | D:11     | Received a gift from Trog
  8295 | D:11     | Found a staircase to the Lair.
  8334 | D:11     | Noticed a hill giant
  8344 | D:11     | Killed a hill giant
  8410 | D:11     | HP: 3/99 [guardian serpent (16)]
  8413 | D:11     | Reached skill level 10 in Fighting
  9076 | D:12     | Noticed a purple ugly thing
  9076 | D:12     | Noticed an unseen horror
  9083 | D:12     | Killed a purple ugly thing
  9083 | D:12     | Reached skill level 10 in Armour
  9088 | D:12     | Killed an unseen horror
  9088 | D:12     | Reached skill level 14 in Axes
  9093 | D:12     | Noticed Erolcha
  9099 | D:12     | Killed Erolcha
  9114 | D:12     | You fall through a shaft for 2 floors!
  9223 | D:14     | Noticed a centaur warrior
  9236 | D:14     | Killed a centaur warrior
  9382 | D:14     | Found a gate to the Vaults.
  9382 | D:14     | Noticed an enchanted long sword
  9382 | D:14     | Noticed an enchanted long sword
  9384 | D:14     | Killed an enchanted long sword
  9384 | D:14     | Reached skill level 10 in Dodging
  9390 | D:14     | Killed an enchanted long sword
  9390 | D:14     | Reached XP level 12. HP: 67/108 MP: 11/11
  9403 | D:14     | Noticed a centaur warrior
  9414 | D:14     | Killed a centaur warrior
  9559 | D:14     | Reached skill level 15 in Axes
  9561 | D:14     | Reached ****** piety under Trog
 10074 | D:13     | Found Keproaty's Weapon Shoppe.
 10227 | D:13     | Received a gift from Trog
 10269 | D:12     | Noticed an eight-headed hydra
 10305 | Orc:1    | Entered Level 1 of the Orcish Mines
 10472 | Orc:2    | Entered Level 2 of the Orcish Mines
 10484 | Orc:2    | Noticed galech's ghost (journeyman TrMo)
 10505 | Orc:2    | Killed galech's ghost
 11008 | Orc:2    | Found a staircase to the Elven Halls.
 11418 | Orc:1    | Noticed Harold
 11419 | Orc:1    | Received a gift from Trog
 11680 | Orc:1    | Killed Harold
 11680 | Orc:1    | Reached skill level 16 in Axes
 11834 | D:12     | Noticed Urug
 11851 | D:12     | Killed Urug
 11931 | D:12     | Noticed a centaur warrior
 12006 | D:12     | Killed a centaur warrior
 12137 | D:12     | Killed an 11-headed hydra
 12137 | D:12     | Reached XP level 13. HP: 19/118 MP: 12/12
 12640 | Lair:1   | Entered Level 1 of the Lair of Beasts
 13734 | Lair:2   | Received a gift from Trog
 14513 | Lair:3   | Reached skill level 17 in Axes
 14614 | Lair:3   | Found a staircase to the Shoals.
 15141 | Lair:4   | Found a hole to the Spider Nest.
 15894 | Lair:4   | Received a gift from Trog
 15895 | Lair:4   | Got a translucent battleaxe {god gift}
 15982 | Lair:4   | Identified the +6 battleaxe of the Dungeon {chop, MR+ Stlth+} (Trog gifted it to you on level 4 of the Lair of Beasts)
 16014 | Lair:5   | Noticed Xiguana's ghost (journeyman DrCK)
 16034 | Lair:5   | Killed Xiguana's ghost
 16621 | Lair:6   | Entered Level 6 of the Lair of Beasts
 16621 | Lair:6   | Found a staircase to the Slime Pits.
 16639 | Lair:6   | Reached XP level 14. HP: 116/129 MP: 13/13
 16805 | Lair:6   | Reached skill level 18 in Axes
 16967 | Lair:6   | Received a gift from Trog
 17958 | Orc:2    | Found Bouga's General Store.
 17961 | Orc:2    | Found Woimmod's Food Shop.
 18303 | Orc:1    | HP: 5/130 [sun demon (10)]
 18303 | Orc:1    | Slain by a soul eater

Skill      XL: |  1  2  3  4  5  6  7  8  9 10 11 12 13 14 |
---------------+-------------------------------------------+-----
Axes           | 4 5 6 8 9 11 13 14 16 17 18 | 18.5
Armour         | 3 4 5 6 8 9 10 11 12 13 | 13.6
Fighting       | 4 5 7 8 9 10 12 13 | 13.8
Dodging        | 3 4 5 6 7 8 10 11 12 13 | 13.0

Action                   |  1- 3 |  4- 6 |  7- 9 | 10-12 | 13-15 || total
-------------------------+-------+-------+-------+-------+-------++-------
Melee: Hand axe          |    74 |    87 |   405 |    94 |       ||   660
       Headbutt          |    12 |    22 |   102 |   157 |   127 ||   420
       War axe           |       |       |       |   412 |       ||   412
       Battleaxe         |       |       |       |   143 |   498 ||   641
Invok: Berserk           |       |     2 |     2 |     7 |     1 ||    12
       Trog's Hand       |       |     1 |     3 |     5 |     2 ||    11
       Burn Spellbooks   |       |       |       |     4 |     1 ||     5
       Brothers in Arms  |       |       |       |     3 |     4 ||     7
Evoke: Wand              |       |       |       |       |     5 ||     5
  Use: Potion            |       |       |       |     5 |       ||     5
       Scroll            |       |       |       |    14 |     6 ||    20
  Eat: Chunk             |     2 |     5 |     8 |    22 |    12 ||    49
       Meat ration       |       |       |     1 |     3 |     2 ||     6
       Pizza             |       |       |       |       |     3 ||     3
       Royal jelly       |       |       |       |       |     1 ||     1
Armor: Animal skin       |    17 |       |       |       |       ||    17
       Chain mail        |     1 |    55 |   191 |   240 |   229 ||   716
Dodge: Dodged            |    37 |    45 |   204 |   405 |   407 ||  1098
